 Dungeon Crawl Stone Soup version 0.20.0-3-g22ec75f (webtiles) character file.

10579 Jannitor the Fighter (level 11, 0/102 HPs)
             Began as a Minotaur Fighter on May 27, 2017.
             Was a Believer of Makhleb.
             Slain by a two-headed ogre
             ... wielding a +0 giant club
              (20 damage)
             ... on level 10 of the Dungeon.
             The game lasted 00:20:24 (10858 turns).

Jannitor the Fighter (Minotaur Fighter)            Turns: 10858, Time: 00:20:24

Health: 0/102      AC:  8    Str: 24    XL:     11   Next: 38%
Magic:  10/13      EV:  7    Int:  5    God:    Makhleb [**....]
Gold:   322        SH: 12    Dex: 12    Spells: 10/10 levels left

rFire    . . .     SeeInvis +   w - +4 morningstar
rCold    . . .     Gourm    .   c - +0 shield
rNeg     . . .     Faith    .   G - +1 chain mail
rPois    .         Spirit   .   (helmet restricted)
rElec    .         Reflect  .   (no cloak)
rCorr    .         Harm     .   (no gloves)
MR       +....                  (no boots)
Stlth    ..........             (no amulet)
Regen    0.3/turn               d - ring of see invisible
MPRegen  0.2/turn               e - ring of protection from magic

@: corroded
A: retaliatory headbutt, horns 2, agile 1, wild magic 1
a: Minor Destruction, Renounce Religion


You were on level 10 of the Dungeon.
You worshipped Makhleb.
Makhleb was pleased with you.
You were not hungry.

You visited 2 branches of the dungeon, and saw 11 of its levels.
You also visited: Sewer.

You collected 530 gold pieces.
You spent 208 gold pieces at shops.

Inventory:

Hand Weapons
 a - a +0 flail
 w - a +4 morningstar (weapon)
 B - a +0 whip of freezing
Armour
 c - a +0 shield (worn)
 G - a +1 chain mail (worn)
Jewellery
 d - a ring of see invisible (left hand)
 e - a ring of protection from magic (right hand)
 g - an uncursed ring of flight
 s - an uncursed ring of ice {unknown}
 Q - an uncursed amulet of faith {unknown}
Wands
 b - a wand of acid (13/15)
 y - a wand of acid (10/15)
 H - a wand of clouds (0/9)
 I - a wand of polymorph (11/24)
 O - a wand of confusion (26/48)
 P - a wand of iceblast (9/15)
Scrolls
 h - 2 scrolls of blinking
 i - 4 scrolls of recharging
 k - 5 scrolls of identify
 m - 2 scrolls of enchant armour
 n - 2 scrolls of amnesia
 p - 3 scrolls of teleportation
 r - 8 scrolls of fog
 t - 3 scrolls of fear
 D - a scroll of magic mapping
 J - a scroll of remove curse
Potions
 j - a potion of ambrosia
 q - 3 potions of curing
 v - 5 potions of brilliance
 x - 2 potions of haste
 C - a potion of agility {unknown}
 K - 2 potions of magic {unknown}
 L - a potion of cancellation {unknown}
 R - a potion of mutation
Comestibles
 f - 5 bread rations
 l - 9 meat rations
 o - 4 royal jellies
 z - a fruit
 E - 10 chunks of flesh


   Skills:
 + Level 11.0 Fighting
 + Level 10.5 Maces & Flails
 + Level 10.7 Armour
 + Level 10.9 Shields
 + Level 5.3 Invocations


You had 10 spell levels left.
You didn't know any spells.

Dungeon Overview and Level Annotations

Branches:
Dungeon (10/15)            Temple (1/1) D:7             Orc (0/2) D:9
   Lair: D:8-11

Altars:
Ashenzari
Cheibriados
Dithmenos
Elyvilon
Fedhas
Gozag
Hepliaklqana
Kikubaaqudgha
Makhleb
Nemelex Xobeh
Okawaru
Qazlal
Ru
Sif Muna
Trog
Uskayaw
Vehumet
Xom
Yredelemnul
Zin
The Shining One

Shops:
D:6 !


Innate Abilities, Weirdness & Mutations

You reflexively headbutt those who attack you in melee.
You have a pair of horns on your head.
You are agile. (Dex +2)
Your spells are a little harder to cast, but a little more powerful.


Message History

The centaur shoots an arrow.
You block the arrow.
You sock the eye of draining!
You kill the eye of draining!
Makhleb accepts your kill.
Your Fighting skill increases to level 11!
The centaur shoots an arrow.
The arrow hits you but does no damage.
The centaur shoots an arrow.
The arrow barely misses you.
The two-headed ogre hits you with a giant club!!
You block the two-headed ogre's attack.
The centaur shoots an arrow.
You block the arrow.
You see here an arrow.
The two-headed ogre hits you with a giant club!
The two-headed ogre hits you with a giant club!!
The centaur unwields an uncursed shortbow.
You block the centaur's attack.
The centaur hits you but does no damage.
The two-headed ogre hits you with a giant club!!
* * * LOW HITPOINT WARNING * * *
The two-headed ogre hits you with a giant club!!
You die...

.##
####..#..###...##รท#
.
#....(.......####.#
. ......#.#....####
#.# ......#<#(..##
#.# .##...#.#...####
..#
#.........(..####.##
..#.#.....(....##.
####.#....#O.c..##.
....#.##.@>..##.
####...##.....##.
#..........#
#[..###.##### #..
#.# #.# #. ##


You could see a two-headed ogre and a centaur.

Vanquished Creatures
  Erolcha (D:9)
  Fannar (D:10)
  Erica (D:9)
  2 two-headed ogres
  Pikel (D:5)
  Joseph (D:7)
  A troll (D:10)
  A hornet (D:8)
  Prince Ribbit (D:5)
  3 hippogriffs
  Sigmund (D:3)
  A wyvern (D:9)
  6 yaks (D:10)
  Menkaure (D:4)
  An acid dragon (D:10)
  5 ice beasts
  A black bear (D:10)
  An orc warrior (D:10)
  An eye of draining (D:10)
  A sky beast (D:7)
  A phantom (D:9)
  6 ogres
  3 centaurs
  The ghost of IcySystem the Magician, an amateur OpCj (D:3)
  5 bullfrogs
  A wyvern skeleton (D:7)
  A water moccasin skeleton (D:2)
  7 scorpions
  5 killer bees (D:10)
  3 howler monkeys
  A crimson imp (D:8)
  3 jellies
  5 orc priests
  A hound (D:9)
  10 orc wizards
  A bullfrog skeleton (D:8)
  Ijyb (D:5)
  4 iguanas
  2 worker ants
  2 hound skeletons
  12 adders
  4 river rats (Sewer)
  4 shadow imps
  3 oozes
  An adder zombie (D:5)
  8 worms
  3 dart slugs
  2 leopard geckos
  40 orcs
  8 giant cockroaches
  11 goblins
  6 hobgoblins
  12 jackals
  9 quokkas
  13 ball pythons
  A ball python skeleton (D:4)
  12 bats
  8 frilled lizards
  A jackal zombie (D:7)
  7 kobolds
  32 rats
292 creatures vanquished.

Vanquished Creatures (others)
  An orc (D:5)
  A quokka zombie (D:5)
2 creatures vanquished.

Grand Total: 294 creatures vanquished

Notes
Turn   | Place    | Note
-------+----------+-------------------------------------------
     0 | D:1      | Jannitor the Minotaur Fighter began the quest for the Orb.
     0 | D:1      | Reached XP level 1. HP: 19/19 MP: 0/0
   105 | D:1      | Reached skill level 4 in Fighting
   105 | D:1      | Reached XP level 2. HP: 27/27 MP: 1/1
   305 | D:1      | You fall through a shaft!
   306 | D:2      | Found a radiant altar of Vehumet.
   425 | D:2      | Reached XP level 3. HP: 25/33 MP: 2/2
   678 | D:2      | Found a deep blue altar of Sif Muna.
  1009 | D:2      | Reached XP level 4. HP: 32/41 MP: 3/3
  1403 | D:3      | Reached XP level 5. HP: 10/47 MP: 4/4
  1418 | D:3      | Reached skill level 5 in Armour
  1783 | D:3      | Noticed IcySystem's ghost (amateur OpCj)
  1790 | D:3      | Killed IcySystem's ghost
  1790 | D:3      | Reached skill level 5 in Fighting
  1790 | D:3      | Reached skill level 5 in Shields
  1790 | D:3      | Reached XP level 6. HP: 43/56 MP: 5/5
  2119 | D:3      | Noticed Sigmund
  2796 | D:4      | Reached skill level 5 in Maces & Flails
  2845 | D:4      | Reached XP level 7. HP: 56/61 MP: 6/6
  3169 | D:4      | Noticed Menkaure
  3181 | D:4      | Killed Menkaure
  3181 | D:4      | Reached skill level 6 in Fighting
  3785 | D:5      | Entered Level 5 of the Dungeon
  3859 | D:5      | Reached XP level 8. HP: 59/71 MP: 7/7
  3870 | D:5      | Found a glowing drain.
  3879 | Sewer    | Entered a sewer
  4733 | D:5      | Reached skill level 7 in Fighting
  4764 | D:5      | Noticed Ijyb
  4770 | D:5      | Killed Ijyb
  4776 | D:5      | Found a shimmering altar of Xom.
  4898 | D:5      | Noticed Prince Ribbit
  4908 | D:5      | Killed Prince Ribbit
  4923 | D:5      | Noticed Pikel
  5091 | D:5      | Killed Pikel
  5091 | D:5      | Reached XP level 9. HP: 67/81 MP: 8/8
  5255 | D:5      | Reached skill level 8 in Fighting
  5290 | D:5      | Found a sacrificial altar of Ru.
  5502 | D:6      | Found Kuqiog's Distillery.
  5508 | D:6      | Bought a potion of mutation for 104 gold pieces
  5508 | D:6      | Bought a potion of lignification for 39 gold pieces
  5508 | D:6      | Bought a potion of berserk rage for 65 gold pieces
  5508 | D:6      | Gained mutation: You are agile. (Dex +2) [potion of mutation]
  5508 | D:6      | Gained mutation: Your spells are a little harder to cast, but a little more powerful. [potion of mutation]
  6465 | D:7      | Noticed Joseph
  6926 | D:3      | Killed Sigmund
  7028 | D:7      | Found a staircase to the Ecumenical Temple.
  7062 | Temple   | Entered the Ecumenical Temple
  7287 | Temple   | Became a worshipper of Makhleb the Destroyer
  7418 | D:7      | Found a white marble altar of Elyvilon.
  7483 | D:7      | Reached skill level 1 in Invocations
  7500 | D:7      | Reached skill level 9 in Fighting
  7573 | D:7      | Killed Joseph
  8055 | D:8      | Reached XP level 10. HP: 65/91 MP: 10/10
  8736 | D:8      | Noticed a two-headed ogre
  8745 | D:8      | Killed a two-headed ogre
  9314 | D:9      | Noticed a two-headed ogre
  9325 | D:9      | Killed a two-headed ogre
  9325 | D:9      | Reached * piety under Makhleb
  9325 | D:9      | Reached skill level 10 in Fighting
  9325 | D:9      | Reached skill level 10 in Armour
  9325 | D:9      | Reached skill level 10 in Shields
  9444 | D:9      | Noticed Erolcha
  9448 | D:9      | Killed Erolcha
  9464 | D:9      | Noticed Erica
  9490 | D:9      | Killed Erica
  9490 | D:9      | Reached skill level 10 in Maces & Flails
  9490 | D:9      | Reached XP level 11. HP: 98/101 MP: 13/13
  9769 | D:9      | Found a staircase to the Orcish Mines.
 10033 | D:10     | Entered Level 10 of the Dungeon
 10039 | D:10     | Noticed Fannar
 10089 | D:10     | Killed Fannar
 10290 | D:10     | Reached skill level 5 in Invocations
 10563 | D:10     | Reached ** piety under Makhleb
 10851 | D:10     | Noticed a two-headed ogre
 10855 | D:10     | Reached skill level 11 in Fighting
 10858 | D:10     | Slain by a two-headed ogre

Skill      XL: |  1  2  3  4  5  6  7  8  9 10 11 |
---------------+----------------------------------+-----
Fighting       | 4 5 6 7 9 10 11 | 11.0
Shields        | 4 5 6 8 9 10 | 10.9
Armour         | 4 5 6 8 9 10 | 10.7
Maces & Flails | 3 4 5 6 7 8 10 | 10.5
Invocations    | 2 4 5 |  5.3

Action                   |  1- 3 |  4- 6 |  7- 9 | 10-12 || total
-------------------------+-------+-------+-------+-------++-------
Melee: Flail             |   115 |   183 |   235 |    76 ||   609
       Headbutt          |     9 |    27 |   109 |    73 ||   218
       Whip              |       |       |   206 |   200 ||   406
       Morningstar       |       |       |       |    30 ||    30
Evoke: Wand              |       |       |       |     3 ||     3
  Use: Potion            |       |     2 |     5 |     5 ||    12
       Scroll            |       |     6 |       |    10 ||    16
 Stab: Confused          |       |       |       |     1 ||     1
  Eat: Chunk             |     1 |     5 |    17 |    10 ||    33
Armor: Scale mail        |    54 |    79 |    78 |       ||   211
       Chain mail        |       |       |    25 |    93 ||   118
       Skin              |       |       |       |     7 ||     7
Dodge: Dodged            |    36 |    68 |   119 |    56 ||   279
Block: Shield            |    49 |   109 |   236 |   155 ||   549
